 Dungeon Sprint DCSS version 0.29-a0-1008-g949cc1d0fb (webtiles) character file.

Game seed: 8882760108133008344

6143 mhtbhm the Ninja (level 10, -2/55 HPs)
             Began as a Spriggan Brigand on Aug 7, 2022.
             Was the Champion of Dithmenos.
             Slain by a lindwurm (6 damage)
             ... in the Dungeon (Sprint I: "Red Sonja").
             The game lasted 00:07:48 (2191 turns).

mhtbhm the Ninja (Spriggan Brigand)                 Turns: 2191, Time: 00:07:50

Health: -2/55      AC: 12    Str: 13    XL:     10   Next: 59%
Magic:  16/17      EV: 26    Int: 14    God:    Dithmenos [******]
Gold:   83         SH:  5    Dex: 20    Spells: 9/9 levels left

rFire   . . .      SeeInvis +   a - +4 short sword (protect)
rCold   + . .      Faith    .   (no shield)
rNeg    . . .      Spirit   .   b - +2 robe {Will+}
rPois   +          Reflect  +   (helmet restricted)
rElec   +          Harm     .   c - +0 cloak
rCorr   +          Rampage  .   (gloves unavailable)
Will    +++..      NoTele   +   (boots unavailable) Stlth ********++
                                m - amulet "Yreeckok" {Reflect +Blink rElec rC+ Will+ SH+5}
HPRegen 0.18/turn               j - +6 ring of strength
MPRegen 0.15/turn               o - ring of the Enfolding Priest {rPois rCorr}

@: under a protective aura, wreathed by umbra, very quick
A: very small, no large weapons, unfitting armour, see invisible, speed 3
a: Renounce Religion, Evoke Blink, Shadow Step, Shadow Form


You were in the Dungeon.
You worshipped Dithmenos.
Dithmenos was exalted by your worship.
You visited 1 branch You collected 1394 gold pieces.
You spent 1311 gold pieces at shops.

Inventory:

Hand Weapons
 a - a +4 short sword of protection (weapon)
Missiles
 d - 9 poisoned darts
 e - 12 curare-tipped darts (quivered)
 k - 5 boomerangs
Armour
 b - a +2 robe of willpower (worn)
 c - a +0 cloak (worn)
Jewellery
 j - a +6 ring of strength (left hand)
 m - the amulet "Yreeckok" (around neck) {Reflect +Blink rElec rC+ Will+ SH+5}
   (You bought it in a shop in the Dungeon)

   [amulet of reflection]

   It reflects blocked missile attacks.
   rC:        It protects you from cold.
   rElec:     It insulates you from electricity.
   +Blink:    It lets you blink.
   SH:        It affects your SH (+5).
   Will:      It increases your willpower.
 o - the ring of the Enfolding Priest (right hand) {rPois rCorr}
   (You bought it in a shop in the Dungeon)

   [ring of resist corrosion]

   rPois:     It protects you from poison.
   rCorr:     It protects you from acid and corrosion.
Wands
 g - a wand of charming (1)
 h - a wand of digging (5)
Scrolls
 n - 2 scrolls of blinking
Potions
 i - 2 potions of magic
Miscellaneous
 l - a lightning rod (1/4)


   Skills:
 + Level 7.0 Fighting
 + Level 8.5 Short Blades
 + Level 8.2 Throwing
 + Level 10.9 Dodging
 O Level 27 Stealth
 * Level 8.1 Invocations
 + Level 3.0 Evocations


You had 9 spell levels left.
You didn't know any spells.
Your spell library contained the following spells:

 Spells                   Type           Power      Damage    Failure   Level
 Conjure Flame            Conj/Fire      0%         6-21      65%         3
 Ignite Poison            Fire/Tmut/Pois 0%         N/A       65%         3
 Sticky Flame             Conj/Fire      0%         2d3       96%         4


Dungeon Overview and Level Annotations

Branches:
Dungeon (1/1)

Altars:
Cheibriados
Dithmenos
Elyvilon
Fedhas
Gozag
Hepliaklqana
Kikubaaqudgha
Makhleb
Nemelex Xobeh
Okawaru
Qazlal
Ru
Sif Muna
Trog
Uskayaw
Vehumet
Wu Jian
Xom
Yredelemnul
Zin
The Shining One
Jiyva
Lugonu

Shops:
D [([*=**[!?((*[?[[


Innate Abilities, Weirdness & Mutations

You are very small and have problems with some larger weapons.
You are too small for most types of armour.
You have supernaturally acute eyesight. (SInv)
You cover ground extremely quickly. (Speed+++)


Message History

The demonic crawler shrieks in warning!
You hit the demonic crawler but do no damage.
The demonic crawler is almost dead.
The demonic crawler hits you!
* * * LOW HITPOINT WARNING * * *
The demonic crawler hits you but does no damage. x2
Unknown command.
You barely miss the demonic crawler.
The demonic crawler is almost dead.
Your shadow hits the demonic crawler but does no damage.
The demonic crawler closely misses you. The demonic crawler barely misses you.
The demonic crawler completely misses you.
You hit the demonic crawler.
You kill the demonic crawler!
Dithmenos accepts your kill.
Your lightning rod (1/4) has regained one charge.
Your Invocations skill increases to level 8!
Your Evocations skill increases to level 3!
Unknown command.
Aiming: Charm
Press: ? - help, Shift-Dir - straight line, f - lindwurm
Aim: a lindwurm (umbra, chance to affect: 38%)
The lindwurm resists with some effort.
The lindwurm breathes flames at you. The blast of flame misses you.
Unknown command.
Aiming: Charm
Press: ? - help, Shift-Dir - straight line, f/p - lindwurm
Aim: a lindwurm (catching its breath, umbra, chance to affect: 38%)
The lindwurm resists with some effort.
The lindwurm bites you!
* * * LOW HITPOINT WARNING * * *
You emit a cloud of dark smoke.
The lindwurm claws you but does no damage.
You block the lindwurm's attack.
Aiming: Charm
Press: ? - help, Shift-Dir - straight line, f/p - lindwurm
Aim: a lindwurm (black smoke, catching its breath, umbra, chance to affect: 38%)
The lindwurm resists with some effort.
The lindwurm completely misses you. The lindwurm barely misses you.
The lindwurm claws you.
You die...

#..#####'#####'#__###
#..####..#...#.####§.
#..#__####..##)#~~§§)
#..#____k##'#_.'~§§.§
#⌠⌠#_.∩...'.s._#~~§§)
####_..__##_.#'##'###
#_____###'#(#....#
############.####'###
#∩§§@k....'...'.....'
###++++####...#######
###.###.....
#.#'#.#.....
#.....#'''##
#.(...#.....
#######.....
#).........
#..........


You could see a lindwurm (catching breath).

Vanquished Creatures
  2 centaur warriors (D)
  Sonja (D)
  A deep troll (D)
  An oklob plant (D)
  A gargoyle (D)
  2 unseen horrors (D)
  2 kobold demonologists (D)
  A demonic crawler (D)
  A hornet (D)
  A slime creature (D)
  Sigmund (D)
  A yak (D)
  2 redbacks (D)
  2 floating eyes (D)
  An ogre (D)
  7 necrophages (D)
  8 jellies (D)
  Ijyb (D)
  A ballistomycete spore (D)
37 creatures vanquished.

Vanquished Creatures (others)
  A ballistomycete spore (D)
1 creature vanquished.

Grand Total: 38 creatures vanquished

Notes
Turn   | Place    | Note
-------+----------+-------------------------------------------
     0 | D        | mhtbhm the Spriggan Brigand began the quest for the Orb.
     0 | D        | Reached XP level 1. HP: 10/10 MP: 2/2
     2 | D        | Noticed Ijyb
     4 | D        | Killed Ijyb
     5 | D        | Reached skill level 9 in Stealth
     5 | D        | Reached XP level 2. HP: 15/15 MP: 3/3
    10 | D        | Noticed an ogre
    12 | D        | Killed an ogre
    13 | D        | Reached skill level 13 in Stealth
    13 | D        | Reached XP level 3. HP: 19/19 MP: 4/4
    13 | D        | Reached XP level 4. HP: 23/23 MP: 5/5
    24 | D        | Noticed Sigmund
    27 | D        | Killed Sigmund
    28 | D        | Reached skill level 16 in Stealth
    28 | D        | Reached XP level 5. HP: 28/28 MP: 6/6
   141 | D        | Found an ornate altar of the Wu Jian Council.
   141 | D        | Found a shimmering blue altar of Sif Muna.
   143 | D        | Found a radiant altar of Vehumet.
   152 | D        | Reached skill level 17 in Stealth
   152 | D        | Reached XP level 6. HP: 7/32 MP: 7/7
   424 | D        | Found Haiz's Antique Weapon Emporium.
   424 | D        | Found an ancient bone altar of Kikubaaqudgha.
   424 | D        | Found a hazy altar of Hepliaklqana.
   424 | D        | Found a stormy altar of Qazlal.
   424 | D        | Found a hide-covered altar of Uskayaw.
   424 | D        | Found a blossoming altar of Fedhas.
   424 | D        | Found a bloodstained altar of Trog.
   424 | D        | Found an iron altar of Okawaru.
   424 | D        | Found a basalt altar of Yredelemnul.
   424 | D        | Found a glowing golden altar of the Shining One.
   424 | D        | Found a snail-covered altar of Cheibriados.
   424 | D        | Found a sacrificial altar of Ru.
   424 | D        | Found a glowing silver altar of Zin.
   424 | D        | Found a shadowy altar of Dithmenos.
   424 | D        | Found a white marble altar of Elyvilon.
   424 | D        | Noticed a yak
   425 | D        | Found an opulent altar of Gozag.
   426 | D        | Killed a yak
   427 | D        | Reached skill level 5 in Short Blades
   427 | D        | Reached skill level 19 in Stealth
   427 | D        | Found a sparkling altar of Nemelex Xobeh.
   433 | D        | Became a worshipper of Dithmenos the Shadowed
   439 | D        | Bought a glowing short sword for 132 gold pieces
   449 | D        | Noticed Sonja
   460 | D        | Killed Sonja
   461 | D        | Reached skill level 5 in Throwing
   461 | D        | Reached skill level 22 in Stealth
   461 | D        | Reached skill level 1 in Evocations
   461 | D        | Reached XP level 7. HP: 21/38 MP: 8/8
   548 | D        | Found Ejodiska's Armour Boutique.
   703 | D        | Noticed a deep troll
   707 | D        | Killed a deep troll
   708 | D        | Reached skill level 5 in Fighting
   708 | D        | Reached skill level 23 in Stealth
   708 | D        | Reached XP level 8. HP: 43/43 MP: 9/9
   717 | D        | Found Xoxemekh's Armour Emporium.
   719 | D        | Identified the +7 quarterstaff "Demon's Peril" {vorpal,
                  | Drain Will+ Str+2 Int+4}
   811 | D        | Found a viscous altar of Jiyva.
   811 | D        | Found a corrupted altar of Lugonu.
   811 | D        | Noticed a slime creature
   812 | D        | Found a burning altar of Makhleb.
   812 | D        | Found a shimmering altar of Xom.
   814 | D        | Killed a slime creature
   814 | D        | Reached * piety under Dithmenos
   815 | D        | Reached skill level 24 in Stealth
   815 | D        | Reached skill level 1 in Invocations
   828 | D        | Noticed a kobold demonologist
   829 | D        | Noticed a kobold demonologist
   836 | D        | Noticed a red devil
   843 | D        | Noticed a hellwing
   854 | D        | Noticed a hellwing
   860 | D        | Killed a kobold demonologist
   861 | D        | Reached skill level 5 in Dodging
   861 | D        | Reached XP level 9. HP: 16/47 MP: 10/12
   866 | D        | Killed a kobold demonologist
   866 | D        | Reached ** piety under Dithmenos
   867 | D        | Reached skill level 25 in Stealth
  1101 | D        | Noticed a centaur warrior
  1101 | D        | Noticed a centaur warrior
  1107 | D        | Killed a centaur warrior
  1108 | D        | Killed a centaur warrior
  1109 | D        | Reached skill level 26 in Stealth
  1109 | D        | Reached skill level 5 in Invocations
  1119 | D        | Reached *** piety under Dithmenos
  1130 | D        | Noticed an oklob plant
  1416 | D        | Noticed a demonic crawler
  1416 | D        | Noticed a demonic crawler
  1416 | D        | Noticed a demonic crawler
  1416 | D        | Noticed a demonic crawler
  1499 | D        | Noticed a gargoyle
  1501 | D        | Killed a gargoyle
  1502 | D        | Reached XP level 10. HP: 53/53 MP: 15/15
  1555 | D        | Killed an oklob plant
  1556 | D        | Reached skill level 27 in Stealth
  1578 | D        | Reached **** piety under Dithmenos
  1779 | D        | Reached skill level 10 in Dodging
  1781 | D        | Reached ***** piety under Dithmenos
  1936 | D        | Reached ****** piety under Dithmenos
  1938 | D        | Identified the +6 trident of Cyekhlue {vorpal, rElec}
  1959 | D        | Found Kusioze's Assorted Antiques.
  1959 | D        | Found Ybojeyl's Armour Shop.
  1959 | D        | Found Tuvav's Jewellery Boutique.
  1961 | D        | Found Gueluid's Assorted Antiques.
  1961 | D        | Found Xairef's Assorted Antiques.
  1961 | D        | Found Heppipso's Armour Shoppe.
  1961 | D        | Found Fodof's Distillery.
  1961 | D        | Found Ohyem's Magic Scroll Emporium.
  1961 | D        | Found Paer's Weapon Shop.
  1961 | D        | Found Xewou's Antique Weapon Shoppe.
  1965 | D        | Found Ecebuc's General Store.
  1966 | D        | Bought a steaming copper amulet for 100 gold pieces
  1966 | D        | Identified the amulet "Yreeckok" {Reflect +Blink rElec rC+
                  | Will+ SH+5} (You bought it in a shop in the Dungeon)
  1971 | D        | Found Maefa's Magic Scroll Emporium.
  1971 | D        | Found Cuph's Armour Boutique.
  1972 | D        | Found Xuroif's Antique Armour Emporium.
  1975 | D        | Bought a scroll of blinking for 75 gold pieces
  1980 | D        | Bought 6 curare-tipped darts for 46 gold pieces
  1997 | D        | Bought the ring of the Enfolding Priest {rPois rCorr} for
                  | 374 gold pieces
  2014 | D        | Bought a +2 robe of willpower for 230 gold pieces
  2024 | D        | Bought a scroll of enchant weapon for 75 gold pieces
  2024 | D        | Bought a scroll of enchant weapon for 75 gold pieces
  2028 | D        | Bought a scroll of blinking for 90 gold pieces
  2030 | D        | Bought a scroll of summoning for 114 gold pieces
  2031 | D        | Noticed a lorocyproca
  2132 | D        | Noticed a lindwurm
  2191 | D        | Slain by a lindwurm

Illustrated notes

Levels and vault maps discovered:
D:        dungeon_sprint_1 [red_sonja_temple_1, red_sonja_temple_small_1]

Skill      XL: |  1  2  3  4  5  6  7  8  9 10 |
---------------+-------------------------------+-----
Fighting       | 2 3 4 5 6 7 |  7.0
Stealth        | 9 13 16 17 22 23 24 26 27 | 27.0
Short Blades   | 3 4 5 6 7 8 |  8.5
Throwing       | 3 4 5 6 7 8 |  8.2
Dodging        | 2 3 4 5 8 10 | 10.9
Evocations     | 1 2 3 |  3.0
Invocations    | 2 6 8 |  8.1

Action                   |  1- 3 |  4- 6 |  7- 9 | 10-12 || total
-------------------------+-------+-------+-------+-------++-------
Melee: Dagger            |     2 |     6 |       |       ||     8
       Short sword       |       |       |    35 |   135 ||   170
       Punch             |       |       |       |     4 ||     4
Throw: Dart              |       |     1 |     7 |     2 ||    10
Evoke: Wand              |       |     2 |       |     3 ||     5
       Lightning rod     |       |       |       |     4 ||     4
  Use: Potion            |       |     3 |     4 |     2 ||     9
       Scroll            |       |     1 |       |     4 ||     5
 Stab: Sleeping          |     2 |     2 |     6 |    12 ||    22
       Distracted        |       |       |     1 |     1 ||     2
Armor: Robe              |       |     1 |    22 |    19 ||    42
Dodge: Dodged            |       |     7 |    52 |   121 ||   180
Block: Other             |       |       |       |    12 ||    12

Table legend: (Time is in decaauts)
 A = Elapsed time spent in this place.
 B = Non-inter-level travel time spent in this place.
 C = Inter-level travel time spent in this place.
 D = Time resting spent in this place.
 E = Time spent auto-exploring this place.
 F = Levels seen in this place.
 G = Mean time per level.
                   A        B        C        D        E       F      G
               +--------+--------+--------+--------+--------+-----+--------+
         Total |   1884 |   1884 |      0 |   1231 |      0 |   1 | 1884.0 |
       Dungeon |   1884 |   1884 |      0 |   1231 |      0 |   1 | 1884.0 |
               +--------+--------+--------+--------+--------+-----+--------+

Top non-repeatable levels by time:
       D: 1884 daAuts
